AoeStats
← F I S H

Four Lakes

510130466Analyzed
1v1 RM · 4d ago on Sep 29, 2026· 33m 14s· 2 players
Game mode
Random Map
Map size
Tiny (2 player)
Population
200
Speed
Normal
Resources
Standard
Victory
Conquest
Starting age
Dark Age
Ending age
Imperial Age
RankedLock teamsTeams togetherTeam positionsShared explorationLock speedFull tech treeHidden civsTurbo modeCheats
Victory
Defeat
🇦🇷 Lithuanians · Argentina
1690
+15
🇮🇹 Magyars · Italy
1676
-15
F I S H
8:03 Loom
9:58 Feudal Age
10:43 Double-Bit Axe
14:07 Town Watch
17:14 Scale Barding Armor
18:23 Bloodlines
19:07 Gold Mining
22:29 Castle Age
23:12 Husbandry
22:32 Light Cavalry
23:25 Bow Saw
22:56 Fishing Lines
23:38 Gillnets
25:31 Chain Barding Armor
28:24 Scale Mail Armor
28:04 Man-at-Arms
28:55 Long Swordsman
30:21 Chain Mail Armor
Ds3.Reymon
6:23 Loom
9:21 Feudal Age
9:48 Double-Bit Axe
16:32 Forging
16:48 Bloodlines
16:50 Scale Barding Armor
16:40 Fishing Lines
18:05 Horse Collar
21:43 Castle Age
20:24 Scale Mail Armor
21:51 Light Cavalry
23:08 Iron Casting
22:23 Pikeman
23:53 Squires
26:20 Bow Saw
27:06 Sanctity
28:27 Fervor
28:39 Chain Mail Armor
31:36 Arson
33:04 Wheelbarrow
Connection lost

Rejoining the realm…

Still unreachable

The connection could not be restored.

Session expired

The server has moved on; the page needs a fresh start.